 Dungeon Crawl Stone Soup version 0.26-a0-771-g060e6a62af (webtiles) character file.

Game seed: 17600626061107574924

16321 Peloso the Carver (level 12, -8/106 HPs)
             Began as a Minotaur Fighter on Nov 8, 2020.
             Was a High Priest of Okawaru.
             Mangled by a catoblepas (13 damage)
             ... while petrified by you
             ... on level 2 of the Lair of Beasts.
             The game lasted 00:36:50 (16206 turns).

Peloso the Carver (Minotaur Fighter)               Turns: 16206, Time: 00:36:51

Health: -8/106     AC: 20    Str: 24    XL:     12   Next: 9%
Magic:  11/12      EV:  2    Int:  5    God:    Okawaru [*****.]
Gold:   1004       SH:  0    Dex: 12    Spells: 11/11 levels left

rFire    . . .     SeeInvis +   b - +3 scimitar (flame)
rCold    . . .     Faith    +   c - +0 kite shield
rNeg     + + +     Spirit   .   I - +1 ring mail of Whack-A-Mole {*Contam *Drain rElec SInv}
rPois    ∞         Reflect  .   (helmet restricted)
rElec    +         Harm     .   (no cloak)
rCorr    .         Rampage  .   J - +0 pair of gloves {archery}
MR       .....                  D - +0 pair of boots {run}
Stlth    ++........             B - amulet of faith
HPRegen  0.27/turn              x - ring of Robustness {AC+8}
MPRegen  0.13/turn              u - ring of wizardry

@: lethally poisoned (-8 -> -8), petrified, heroism, quick
A: retaliatory headbutt, horns 2
a: Heroism, Finesse, Renounce Religion


You were on level 2 of the Lair of Beasts.
You worshipped Okawaru.
Okawaru was extremely pleased with you.
You visited 3 branches of the dungeon, and saw 15 of its levels.

You collected 1228 gold pieces.
You spent 224 gold pieces at shops.

Inventory:

Hand Weapons
 a - a +0 vorpal double sword
 b - a +3 scimitar of flaming (weapon)
Armour
 c - a +0 kite shield (worn)
 w - a +0 plate armour
 D - a +0 pair of boots of running (worn)
 I - the +1 ring mail of Whack-A-Mole (worn) {*Contam *Drain rElec SInv}
   (You found it on level 11 of the Dungeon)

   It insulates you from electricity.
   It lets you see invisible.
   It causes magical contamination when unequipped.
   It causes draining when unequipped.
 J - a +0 pair of gloves of archery (worn)
Jewellery
 k - an uncursed ring of protection from cold
 m - the amulet of Xargh {Inacc Str+4, unknown}
   (You found it on level 9 of the Dungeon)

   [amulet of inaccuracy]

   It reduces the accuracy of all your attacks.
   It affects your strength (+4).
 u - a ring of wizardry (right hand)
 x - the ring of Robustness (left hand) {AC+8}
   (You found it on level 7 of the Dungeon)

   [ring of protection]

   It affects your AC (+8).
 B - an amulet of faith (around neck)
 H - an uncursed amulet of guardian spirit
 K - an uncursed amulet of the acrobat {unknown}
Wands
 r - a wand of random effects (20)
 A - a wand of flame (12)
 E - a wand of disintegration (8)
Scrolls
 e - 3 scrolls of teleportation
 f - a scroll of blinking {unknown}
 g - 10 scrolls of remove curse
 h - 6 scrolls of enchant weapon
 i - 3 scrolls of fear {unknown}
 j - 2 scrolls of magic mapping
 l - 3 scrolls of enchant armour {unknown}
 n - 3 scrolls of amnesia {unknown}
 q - a scroll of immolation {unknown}
 s - 4 scrolls of vulnerability {unknown}
 y - a scroll of identify
 C - a scroll of noise {unknown}
 F - a scroll of random uselessness {unknown}
Potions
 d - 2 potions of might
 o - 4 potions of curing
 p - 2 potions of mutation
 t - 5 potions of heal wounds
 v - a potion of flight
 z - 3 potions of ambrosia
 G - a potion of magic


   Skills:
 + Level 10.2(15.2) Fighting
 + Level 13.5(18.5) Long Blades
 + Level 10.7(15.7) Armour
 + Level 5.2(10.2) Dodging
 + Level 0.6(5.6) Stealth
 + Level 11.7(16.7) Shields
 + Level 2.0 Invocations
 + Level 2.1 Evocations


You had 11 spell levels left.
You didn't know any spells.
Your spell library contained the following spells:

 Spells                   Type           Power        Failure   Level
 Magic Dart               Conj           #...         26%         1
 Summon Small Mammal      Summ           #...         26%         1
 Call Imp                 Summ           #.......     38%         2
 Searing Ray              Conj           #.....       38%         2
 Call Canine Familiar     Summ           #.......     61%         3
 Conjure Flame            Conj/Fire      #.......     61%         3
 Dazzling Flash           Conj/Hex       #.....       61%         3
 Summon Guardian Golem    Hex/Summ       #.......     61%         3
 Tukima's Dance           Hex            #.......     61%         3
 Fulminant Prism          Conj/Hex       #.........   93%         4
 Iskenderun's Mystic Bla  Conj/Tloc      #.......     93%         4
 Leda's Liquefaction      Hex/Erth       #.........   93%         4
 Summon Ice Beast         Ice/Summ       #.......     93%         4
 Summon Lightning Spire   Summ/Air       #.......     93%         4
 Bolt of Magma            Conj/Fire/Erth #.........   99%         5
 Yara's Violent Unravell  Hex/Tmut       #.........   99%         5
 Dragon Form              Tmut           #.........   100%        7


Dungeon Overview and Level Annotations

Branches:
Dungeon (12/15)            Temple (1/1) D:4            Lair (2/6) D:11
  Swamp (0/4) Lair:2       Shoals (0/4) Lair:2          Orc (0/2) D:10
  Snake: Lair:2-4    Spider: Lair:2-4

Altars:
Ashenzari
Cheibriados
Dithmenos
Elyvilon
Fedhas
Gozag
Hepliaklqana
Kikubaaqudgha
Makhleb
Nemelex Xobeh
Okawaru
Qazlal
Ru
Sif Muna
Trog
Uskayaw
Vehumet
Wu Jian
Xom
Yredelemnul
Zin
The Shining One

Shops:
D:6 !

Annotations:
D:11 1 runed translucent door, kuniqs's ghost, journeyman DDFi
Lair:1 2 transporters, Forecaster's ghost, journeyman NaVM


Innate Abilities, Weirdness & Mutations

You reflexively headbutt those who attack you in melee.
You have a pair of horns on your head.


Message History

* * * LOW HITPOINT WARNING * * *
You are lethally poisoned!
The water moccasin poisons you!
You have turned to stone.
You are engulfed in calcifying dust.
The catoblepas breathes a plume of calcifying dust at you.
The blast of calcifying dust hits you but does no damage.
The water moccasin bites you but does no damage.
You are engulfed in calcifying dust.
The water moccasin bites you but does no damage.
The catoblepas gores you!
* * * LOW HITPOINT WARNING * * *
The water moccasin bites you but does no damage.
The catoblepas gores you!!
* * * LOW HITPOINT WARNING * * *
The water moccasin bites you.
* * * LOW HITPOINT WARNING * * *
The water moccasin bites you.
* * * LOW HITPOINT WARNING * * *
The catoblepas gores you!!
You die...

**.,,#.....#*,,,,,,,,*,,,,,,,,,,,
,,..,##....#*,,,,,,,*,,,,,,,,,,*,
**...##....#*,,,,,,,*,,.,*,,,,,,,
,,.........####,***###..,*,,*,,*,
,,.........##.#####.....,,,,,,,,,
,,......................,,,,,,,,,
,,......................,,,,,,,,,
,,...............S......,,,,,,,,,
,,........§.§..†@Y......,,,,,,,,,
,,..#......(............,,,,,,,,,
,,.#.##..........?......****,,***
**...*#....######.#.....,******,*
,,..,*#....#* **##.....**,,,,,,,
,,,,,*#.....****,*,*.###***,,,,,*
,,,,,*#....***,,,,,**#*******,,,,
,*,,,,....,,**,,,,***,,,,,***,,,,
,,,,,*,,,,,***,*****,,,,*,,***,,,


You could see a catoblepas and a water moccasin.

Vanquished Creatures
  A hydra (Lair:1)
  2 two-headed ogres
  A flayed ghost (D:9)
  A manticore (D:11)
  An elephant (D:11)
  2 rust devils (D:10)
  A cane toad (Lair:1)
  2 orange demons (D:10)
  An efreet (D:9)
  A kobold demonologist (D:8)
  4 trolls
  A hornet (D:9)
  Prince Ribbit (D:5)
  A wyvern (D:11)
  17 yaks
  A basilisk (D:11)
  Menkaure (D:7)
  6 water moccasins
  3 ice beasts
  4 orc warriors
  2 sky beasts
  A black bear (D:11)
  A necrophage (D:10)
  10 centaurs
  2 phantoms
  6 ogres
  2 big kobolds
  16 bullfrogs
  A water moccasin zombie (D:8)
  2 wyvern zombies
  9 killer bees
  5 wights (D:8)
  3 electric eels (D:6)
  5 howler monkeys
  2 bullfrog zombies
  A centaur zombie (D:9)
  A quasit (D:9)
  3 hounds
  A jelly (D:9)
  4 orc priests
  3 iron imps (D:10)
  2 bullfrog skeletons
  A gnoll shaman (D:4)
  4 iguanas
  17 orc wizards
  12 worker ants
  3 hound skeletons
  A howler monkey skeleton (D:10)
  15 adders
  7 gnolls
  2 shadow imps
  4 white imps
  3 ufetubi
  An adder zombie (D:5)
  2 adder skeletons
  4 worms
  A dart slug (D:3)
  6 leopard geckos
  67 orcs
  A giant cockroach (D:5)
  8 goblins
  9 hobgoblins
  12 jackals
  8 quokkas
  A ball python (D:3)
  7 bats
  4 frilled lizards
  13 kobolds
  2 quokka skeletons (D:4)
  5 rats
354 creatures vanquished.

Vanquished Creatures (others)
  A wolf spider (D:9)
  A deep elf mage (D:9)
  A cane toad (Lair:2)
  A yak (D:9)
  8 fungi
  37 plants
49 creatures vanquished.

Grand Total: 403 creatures vanquished

Notes
Turn   | Place    | Note
-------+----------+-------------------------------------------
     0 | D:1      | Peloso the Minotaur Fighter began the quest for the Orb.
     0 | D:1      | Reached XP level 1. HP: 19/19 MP: 0/0
   887 | D:2      | Reached XP level 2. HP: 23/27 MP: 1/1
  1106 | D:2      | Reached skill level 3 in Long Blades
  1106 | D:2      | Reached XP level 3. HP: 29/33 MP: 2/2
  1227 | D:2      | Found an ancient bone altar of Kikubaaqudgha.
  1596 | D:3      | Found a sacrificial altar of Ru.
  1654 | D:3      | Reached XP level 4. HP: 37/41 MP: 3/3
  1925 | D:3      | Found a burning altar of Makhleb.
  1994 | D:3      | Reached skill level 4 in Long Blades
  1994 | D:3      | Reached XP level 5. HP: 30/47 MP: 4/4
  2659 | D:4      | Reached skill level 1 in Dodging
  2666 | D:4      | Reached skill level 5 in Shields
  2670 | D:4      | Reached XP level 6. HP: 45/55 MP: 5/5
  2888 | D:4      | Found a staircase to the Ecumenical Temple.
  2894 | D:4      | Reached skill level 5 in Fighting
  2915 | D:4      | Reached skill level 5 in Long Blades
  2915 | D:4      | Reached skill level 5 in Armour
  2941 | Temple   | Entered the Ecumenical Temple
  4006 | D:5      | Entered Level 5 of the Dungeon
  4070 | D:5      | Reached XP level 7. HP: 54/61 MP: 6/6
  4085 | D:5      | Reached skill level 6 in Long Blades
  4818 | D:5      | Reached skill level 7 in Long Blades
  4818 | D:5      | Reached XP level 8. HP: 41/69 MP: 7/7
  5150 | D:5      | Noticed Prince Ribbit
  5168 | D:5      | Found a blossoming altar of Fedhas.
  5210 | D:5      | Killed Prince Ribbit
  5782 | D:6      | Found Anagg's Distillery.
  5793 | D:6      | Bought a potion of mutation for 112 gold pieces
  5793 | D:6      | Bought a potion of heal wounds for 70 gold pieces
  5793 | D:6      | Bought a potion of flight for 42 gold pieces
  5891 | D:6      | Reached skill level 8 in Long Blades
  6010 | D:6      | Found an iron altar of Okawaru.
  6019 | D:6      | Became a worshipper of Warmaster Okawaru
  6857 | D:7      | Found the ring of Robustness {AC+8}
  6906 | D:7      | Noticed Menkaure
  6920 | D:7      | Killed Menkaure
  6920 | D:7      | Reached skill level 1 in Evocations
  7058 | D:7      | Reached * piety under Okawaru
  7058 | D:7      | Reached XP level 9. HP: 71/79 MP: 8/8
  7238 | D:7      | Reached skill level 9 in Long Blades
  7808 | D:7      | Reached skill level 10 in Long Blades
  8135 | D:8      | Found a blossoming altar of Fedhas.
  8273 | D:8      | Reached ** piety under Okawaru
  8662 | D:8      | Noticed a kobold demonologist
  8688 | D:8      | Noticed a hellwing
  8689 | D:8      | Noticed an orange demon
  8690 | D:8      | Noticed a hellwing
  8694 | D:8      | Killed a kobold demonologist
  9043 | D:8      | You fall into a shaft and drop 3 floors!
  9053 | D:11     | Reached XP level 10. HP: 86/88 MP: 9/9
  9200 | D:10     | Entered Level 10 of the Dungeon
  9231 | D:10     | Found a staircase to the Orcish Mines.
  9244 | D:10     | Reached skill level 11 in Long Blades
  9298 | D:10     | Reached *** piety under Okawaru
  9674 | D:10     | Noticed a rust devil
  9674 | D:10     | Noticed a rust devil
  9675 | D:10     | Noticed an orange demon
  9676 | D:10     | Found a burning altar of Makhleb.
  9676 | D:10     | Noticed an orange demon
  9685 | D:10     | Killed an orange demon
  9686 | D:10     | Killed an orange demon
  9690 | D:10     | Killed a rust devil
  9690 | D:10     | Reached **** piety under Okawaru
 10184 | D:10     | Killed a rust devil
 10528 | D:11     | Found a runed translucent door.
 10537 | D:11     | Noticed kuniqs's ghost (journeyman DDFi)
 10755 | D:9      | Found a transporter.
 10757 | D:9      | Noticed a deep elf mage
 10759 | D:9      | Noticed a wolf spider
 10760 | D:9      | Noticed a flayed ghost
 10768 | D:9      | Noticed a two-headed ogre
 10769 | D:9      | Found a transporter.
 10837 | D:9      | Killed a deep elf mage
 10843 | D:9      | Killed a wolf spider
 10879 | D:9      | Killed a two-headed ogre
 10879 | D:9      | Reached skill level 12 in Long Blades
 10879 | D:9      | Reached skill level 10 in Shields
 11053 | D:9      | Paralysed by a hornet for 2 turns
 11062 | D:9      | Paralysed by a hornet for 3 turns
 11288 | D:9      | Reached XP level 11. HP: 95/95 MP: 10/10
 11343 | D:9      | Reached skill level 10 in Armour
 11690 | D:9      | Reached ***** piety under Okawaru
 11804 | D:9      | Reached skill level 1 in Invocations
 12278 | D:8      | Found a sparkling altar of Nemelex Xobeh.
 12278 | D:8      | Found an opulent altar of Gozag.
 12649 | D:11     | Found a staircase to the Lair.
 12750 | D:11     | Received a gift from Okawaru
 12847 | D:11     | Got a faintly glowing ring mail
 12988 | D:11     | Identified the +1 ring mail of Whack-A-Mole {*Contam *Drain
                  | rElec SInv} (You found it on level 11 of the Dungeon)
 13058 | D:11     | Identified a +0 pair of boots of running (You found it on
                  | level 11 of the Dungeon)
 13471 | D:11     | Noticed a two-headed ogre
 13477 | D:11     | Killed a two-headed ogre
 13952 | D:12     | Received a gift from Okawaru
 14158 | D:12     | Noticed a seven-headed hydra
 14214 | D:12     | Reached skill level 13 in Long Blades
 14346 | Lair:1   | Entered Level 1 of the Lair of Beasts
 14459 | Lair:1   | Found a transporter.
 14468 | Lair:1   | Noticed a death yak
 14469 | Lair:1   | Noticed a seven-headed hydra
 14708 | D:9      | Killed a flayed ghost
 14714 | D:9      | Received a gift from Okawaru
 14729 | D:9      | Got a warped copper amulet
 14737 | D:9      | Identified the Guide on the Mutagenic Blaze
 14739 | D:9      | Identified Cier's Catalogue of Malediction
 14976 | Lair:1   | Killed a one-headed hydra
 14976 | Lair:1   | Reached skill level 10 in Fighting
 15158 | Lair:1   | Reached skill level 5 in Dodging
 15274 | Lair:1   | Found a transporter.
 15277 | Lair:1   | Noticed Forecaster's ghost (journeyman NaVM)
 15731 | Lair:1   | Reached XP level 12. HP: 106/106 MP: 12/12
 16192 | Lair:2   | Noticed a catoblepas
 16206 | Lair:2   | HP: 5/106 [water moccasin (3)]
 16206 | Lair:2   | Mangled by a catoblepas

Illustrated notes

Levels and vault maps discovered:
D:1:      tarquinn_simple_flora_water_f, layout_basic, minmay_cupped
D:2:      layout_rooms, kiku_gazebo_garden_becter, kennysheep_decorative_pillar,
          nicolae_underground_beach
D:3:      layout_basic, lemuel_doored_altar, nicolae_ru_sacrificial_ziggurat
D:4:      layout_basic, minmay_temple_entry_water_ring
D:5:      layout_cave_pools, lemuel_round_altar, uniq_prince_ribbit1
D:6:      layout_basic, lemuel_crystal_altar, serial_shops, shop, serial_bayou,
          serial_bayou_shore_a, serial_bayou_lagoon_a, serial_bayou_pond_c,
          serial_bayou_pond_d, serial_bayou_shore_b, serial_bayou_pond_d,
          minmay_fountain_box, chequers_serial_rivers_micro_a
D:7:      layout_basic, uniq_menkaure
D:8:      layout_cave_pools, grunt_temple_overflow_opulence, fedhas_altar_3
D:9:      gammafunk_sealed_arena, layout_grid_maze, grunt_ministairs_8
D:10:     layout_long_grid, orc_0_dummy, lemuel_hellish_altar
D:11:     layout_layer_cave, david_lair_generic, ebering_ghost_reflecting_pool,
          grunt_ministairs_2
D:12:     layout_roguey [special_room_orc], chequers_serial_rivers_micro_a,
          grunt_ministairs_1, skrybe_limestone_x
Temple:   eino_temple_scatter_basement
Lair:1:   layout_gridlike, gammafunk_ghost_berserking_beasts, serial_forest,
          infiniplex_forest_join, infiniplex_forest_zigzag_1,
          infiniplex_forest_end_1, infiniplex_forest_end_2,
          infiniplex_forest_clump_long, infiniplex_forest_clump_diagonal,
          serial_bayou_pond_e, wad_woods_road_01, pond
Lair:2:   layout_regular_city, nicolae_swamp_entry_splash_gauntlet,
          elwin_shoals_entry_rooms, nicolae_volcano_entry_s_turn,
          wad_woods_antlair

Skill      XL: |  1  2  3  4  5  6  7  8  9 10 11 |
---------------+----------------------------------+-----
Shields        | 4 5 6 8 10 11 | 11.7
Fighting       | 4 5 7 8 10 | 10.2
Armour         | 4 5 6 7 8 9 10 | 10.7
Long Blades    | 3 4 5 7 8 10 12 13 | 13.5
Dodging        | 1 2 3 5 |  5.2
Evocations     | 1 2 |  2.1
Invocations    | 2 |  2.0
Stealth        | |  0.6

Action                   |  1- 3 |  4- 6 |  7- 9 | 10-12 || total
-------------------------+-------+-------+-------+-------++-------
Melee: Long sword        |    85 |   172 |   415 |   520 ||  1192
       Headbutt          |    17 |    36 |    97 |   163 ||   313
       Scimitar          |       |       |       |    89 ||    89
Invok: Heroism           |       |       |       |    10 ||    10
Evoke: Wand              |       |       |    12 |    11 ||    23
  Use: Potion            |     3 |       |       |     3 ||     6
       Scroll            |       |     2 |       |     9 ||    11
Armor: Scale mail        |    34 |    30 |       |       ||    64
       Chain mail        |       |    44 |    78 |       ||   122
       Plate armour      |       |       |   156 |   208 ||   364
       Ring mail         |       |       |       |    87 ||    87
Dodge: Dodged            |    21 |    35 |    98 |   187 ||   341
Block: Kite shield       |    43 |   104 |   267 |   360 ||   774
       Rpst.: Long sword |     4 |     7 |    28 |    44 ||    83
       Scimitar          |       |       |       |     8 ||     8

Table legend: (Time is in decaauts)
 A = Elapsed time spent in this place.
 B = Non-inter-level travel time spent in this place.
 C = Inter-level travel time spent in this place.
 D = Time resting spent in this place.
 E = Time spent auto-exploring this place.
 F = Levels seen in this place.
 G = Mean time per level.
                   A        B        C        D        E       F      G
               +--------+--------+--------+--------+--------+-----+--------+
         Total |  16027 |  15259 |    768 |    784 |  10895 |  15 | 1068.5 |
       Dungeon |  14545 |  13804 |    741 |    784 |   9745 |  12 | 1212.1 |
        Temple |    226 |    226 |      0 |      0 |    171 |   1 |  226.0 |
          Lair |   1254 |   1227 |     27 |      0 |    978 |   2 |  627.0 |
               +--------+--------+--------+--------+--------+-----+--------+

Top non-repeatable levels by time:
     D:9: 1952 daAuts
    D:11: 1653 daAuts
     D:4: 1582 daAuts
     D:7: 1491 daAuts
    D:10: 1361 daAuts
     D:6: 1302 daAuts
  Lair:1: 1182 daAuts
     D:3: 1162 daAuts
     D:8: 1079 daAuts
     D:5: 1029 daAuts
     D:1: 882 daAuts
     D:2: 595 daAuts
    D:12: 453 daAuts
  Temple: 226 daAuts
  Lair:2: 71 daAuts
